 Dungeon Crawl Stone Soup version 0.24-a0-475-g5b41c6f (webtiles) character file.

Game seed: 17418731429070087045

42 Letos the Skirmisher (level 3, -1/24 HPs)
             Began as a Gargoyle Fighter on July 5, 2019.
             Slain by Sigmund
             ... wielding a +0 scythe
              (6 damage)
             ... on level 2 of the Dungeon.
             The game lasted 00:02:09 (1280 turns).

Letos the Skirmisher (Gargoyle Fighter)             Turns: 1280, Time: 00:02:10

Health: -1/24      AC: 11    Str: 20    XL:     3   Next: 56%
Magic:  3/3        EV:  9    Int:  8    God:
Gold:   68         SH:  0    Dex:  9    Spells: 2/2 levels left

rFire    . . .     SeeInvis .   a - +0 flail
rCold    . . .     Gourm    .   (no shield)
rNeg     + . .     Faith    .   b - +0 scale mail
rPois    ∞         Spirit   .   (no helmet)
rElec    +         Reflect  .   (no cloak)
rCorr    .         Harm     +   j - +0 pair of gloves
MR       .....                  (no boots)
Stlth    ..........             i - amulet of harm
HPRegen  0.08/turn              (no ring)
MPRegen  0.08/turn              (no ring)

@: no status effects
A: negative energy resistance 1, electricity resistance, unbreathing,
petrification resistance, rot immunity, AC +3
a: no special abilities


You were on level 2 of the Dungeon.
You were not hungry.

You visited 1 branch of the dungeon, and saw 2 of its levels.

You collected 68 gold pieces.

Inventory:

Hand Weapons
 a - a +0 flail (weapon)
Armour
 b - a +0 scale mail (worn)
 c - a +0 shield
 j - a +0 pair of gloves (worn)
Jewellery
 i - an amulet of harm (around neck)
Scrolls
 g - a scroll of immolation {unknown}
 k - a scroll of teleportation {unknown}
 l - a scroll of identify
 m - a scroll of remove curse {unknown}
Potions
 d - 2 potions of might
 e - 2 potions of curing {unknown}
 h - a potion of mutation {unknown}
 o - a potion of haste {unknown}
Comestibles
 f - 10 rations


   Skills:
 + Level 3.8 Fighting
 * Level 3.3 Maces & Flails
 - Level 3.2 Armour
 - Level 3.2 Shields


You had 2 spell levels left.
You didn't know any spells.
Your spell library was empty.

Dungeon Overview and Level Annotations

Branches:
Dungeon (2/15)

Altars:
Ashenzari

Annotations:
D:2 Sigmund


Innate Abilities, Weirdness & Mutations

You are resistant to torment.
Your stone body is resilient. (AC +3)
You are immune to poison.
You resist negative energy. (rN+)
You are resistant to electric shocks. (rElec)
You can survive without breathing.
You are immune to petrification.
You are immune to rotting.


Message History

The stone hits you but does no damage.
You miss something.
The kobold throws a stone.
The stone closely misses you. Something hits you but does no damage.
You miss something. You hit something. Something hits you but does no damage.
You sock something! Something hits you.
The kobold throws a stone.
The stone hits you but does no damage.
You barely miss something. Something hits you.
* * * LOW HITPOINT WARNING * * *
You closely miss something. Something hits you but does no damage.
You hit something. The kobold hits you but does no damage.
The kobold barely misses you. Something hits you.
* * * LOW HITPOINT WARNING * * *
All of the chunks of flesh in your inventory have rotted away.
You hit something but do no damage. The kobold barely misses you.
You hit the kobold but do no damage.
You hear some strange, mumbled words.
Something tries to affect you, but you resist.
The kobold hits you but does no damage. Something hits you.
You die...

...#.# .# #.###.##...
.#.#.# #. +.....##..#
...#># # #. #.........#
...# .. #. #..........
..... ... #> #..........
#....# ....
#.###+##......##+#
+..... .....
+.............#... # ..
......##............'...
......{@.......######<..
...###K.(...#### #...
#........+ ####...
..(....?...# #..+...
#...........# ##.##...
#...........# #......#
#............ #.......
#.......#....# #..#....
......#....# #.######


You could see a kobold.

Vanquished Creatures
  An adder (D:2)
  3 leopard geckos
  3 bats
  2 hobgoblins
  A quokka (D:2)
  A ball python (D:2)
  3 frilled lizards (D:1)
  6 goblins
  6 kobolds
  3 rats
29 creatures vanquished.

Notes
Turn   | Place    | Note
-------+----------+-------------------------------------------
     0 | D:1      | Letos the Gargoyle Fighter began the quest for the Orb.
     0 | D:1      | Reached XP level 1. HP: 14/14 MP: 1/1
   206 | D:1      | Reached XP level 2. HP: 14/19 MP: 2/2
   977 | D:2      | Reached XP level 3. HP: 24/24 MP: 3/3
  1112 | D:2      | Found a shattered altar of Ashenzari.
  1266 | D:2      | Noticed Sigmund
  1280 | D:2      | Slain by Sigmund

Levels and vault maps discovered:
D:1:      wander_arrival_estate, layout_basic, minmay_tromino_i4
D:2:      layout_basic, nicolae_ashenzari_panopticon, uniq_sigmund

Skill      XL: |  1  2 |
---------------+-------+-----
Maces & Flails | 3 |  3.3
Fighting       | |  3.8
Armour         | |  3.2
Shields        | |  3.2

Action                   || total
-------------------------++-------
Melee: Flail             ||   120
  Use: Scroll            ||     2
  Eat: Chunk             ||     1
Armor: Scale mail        ||    79
Dodge: Dodged            ||    71

Table legend:
 A = Non-vault XP
 B = Vault XP
 C = Vault XP percentage of total XP
 D = Non-vault monster count
 E = Vault monster count
 F = Vault count percentage of total count
                 A         B        C        D         E       F
            +---------+---------+-------+---------+---------+-------
      Total |      54 |       7 |  11.5 |      26 |       3 |  10.3
            +---------+---------+-------+---------+---------+-------
        D:1 |      25 |       7 |  21.9 |      16 |       3 |  15.8
        D:2 |      29 |       0 |   0.0 |      10 |       0 |   0.0
            +---------+---------+-------+---------+---------+-------
